AoeStats
← [CL] Al3jandr0.magn00

MegaRandom

505736332Analyzed
1v1 RM · 21d ago on Sep 10, 2026· 64m 55s· 2 players
Game mode
Random Map
Map size
Tiny (2 player)
Population
200
Speed
Normal
Resources
Standard
Victory
Conquest
Starting age
Dark Age
Ending age
Imperial Age
RankedLock teamsTeams togetherTeam positionsShared explorationLock speedFull tech treeHidden civsTurbo modeCheats
Victory
Defeat
🇦🇷 Saracens · Argentina
1936
+15
🇫🇷 Britons · France
1909
-15
Mr.smeagoul
8:47 Loom
11:12 Feudal Age
11:45 Double-Bit Axe
13:36 Town Watch
15:19 Wheelbarrow
17:44 Fletching
21:41 Castle Age
23:05 Medium Warships
23:18 Medium Warships
31:36 Bodkin Arrow
36:21 Imperial Age
34:04 Padded Archer Armor
36:30 Ballistics
37:05 Bracer
37:34 Conscription
38:36 Chemistry
39:20 Leather Archer Armor
39:18 Gold Mining
40:19 Capped Ram
41:31 Scale Barding Armor
41:43 Hand Cart
43:04 Ring Archer Armor
43:07 Light Cavalry
47:23 Horse Collar
47:55 Bow Saw
49:12 Chain Barding Armor
50:12 Elite Skirmisher
53:40 Two-Man Saw
53:59 Plate Barding Armor
57:42 Elite Skirmisher
60:12 Husbandry
60:28 Forging
62:34 Yeomen
[CL] Al3jandr0.magn00
7:05 Loom
9:30 Feudal Age
10:02 Double-Bit Axe
17:55 Castle Age
18:51 Medium Warships
19:34 Fletching
21:50 Bodkin Arrow
22:40 Crossbowman
24:37 Town Watch
28:38 Bow Saw
28:08 Horse Collar
28:18 Horse Collar
30:45 Ballistics
33:49 Gold Mining
33:50 Stone Mining
35:10 Wheelbarrow
35:17 Heavy Plow
35:31 Padded Archer Armor
39:29 Imperial Age
37:24 Guard Tower
38:00 Elite Skirmisher
38:56 Leather Archer Armor
41:15 Chemistry
40:46 Ring Archer Armor
41:12 Bracer
46:43 Arbalester
48:32 Hand Cart
52:48 Siege Engineers
52:33 Capped Ram
53:35 Siege Ram
55:00 Light Cavalry
55:51 Bloodlines
57:44 Husbandry
57:50 Scale Barding Armor
57:55 Forging
58:54 Hussar
60:31 Chain Barding Armor
61:50 Plate Barding Armor
Connection lost

Rejoining the realm…

Still unreachable

The connection could not be restored.

Session expired

The server has moved on; the page needs a fresh start.